AoeStats
← mousenz

MegaRandom

518088024Analyzed
4v4 RM · 15d ago on Nov 1, 2026· 23m 43s· 8 players
Game mode
Random Map
Map size
Large (8 player)
Population
200
Speed
Normal
Resources
Standard
Victory
Conquest
Starting age
Dark Age
Ending age
Imperial Age
RankedLock teamsTeams togetherTeam positionsShared explorationLock speedFull tech treeHidden civsTurbo modeCheats
Victory
Defeat
🇺🇸 Mongols · United States
1448
+14
🇲🇽 Spanish · Mexico
1443
+15
🇺🇸 Britons · United States
1378
+17
🇳🇿 Muisca · New Zealand
1356
+18
vs
🇪🇸 Huns · Spain
1478
-18
🇬🇧 Britons · United Kingdom
1425
-17
🇬🇧 Mongols · United Kingdom
1376
-15
🇳🇴 Sicilians · Norway
1361
-14
mousenz
12:19 Feudal Age
13:25 Loom
16:23 Castle Age
14:23 Double-Bit Axe
14:31 Horse Collar
16:24 Light Cavalry
Álvaro de Bazán
6:27 Loom
11:22 Feudal Age
12:06 Double-Bit Axe
17:19 Padded Archer Armor
17:57 Fletching
Snavle
3:05 Loom
12:23 Feudal Age
16:37 Castle Age
SgtSallyPiper
9:18 Loom
11:46 Feudal Age
17:31 Double-Bit Axe
18:34 Wheelbarrow
19:07 Horse Collar
19:38 Gold Mining
25:21 Castle Age
Silence
3:27 Loom
13:08 Feudal Age
13:16 Man-at-Arms
18:51 Castle Age
22:07 Fletching
23:55 Bodkin Arrow
Hamti
6:03 Loom
10:41 Feudal Age
12:15 Double-Bit Axe
12:11 Horse Collar
17:05 Bloodlines
19:17 Scale Barding Armor
20:54 Forging
Ivbin Jirginov
7:15 Loom
10:03 Feudal Age
11:29 Double-Bit Axe
20:36 Castle Age
18:25 Horse Collar
20:01 Bloodlines
20:37 Light Cavalry
22:29 Forging
22:54 Husbandry
monk_enthusiast
3:43 Loom
11:52 Feudal Age
11:54 Champi Runner
12:42 Double-Bit Axe
18:14 Fletching
20:49 Padded Archer Armor
Connection lost

Rejoining the realm…

Still unreachable

The connection could not be restored.

Session expired

The server has moved on; the page needs a fresh start.